 Dungeon Crawl Stone Soup version 0.31-a0-1469-gd420192249 (webtiles) character file.

Game seed: 17662137632321942189

658 Lobster4 the Grave Robber (level 7, 0/50 HPs)
             Began as a Mummy Necromancer on Dec 28, 2023.
             Slain by an ufetubus (1 damage)
             ... on level 5 of the Dungeon.
             The game lasted 00:16:06 (4922 turns).

Lobster4 the Grave Robber (Mummy Necromancer)       Turns: 4922, Time: 00:16:06

Health: 0/50       AC:  4    Str: 12    XL:     7   Next: 29%
Magic:  16/16      EV: 12    Int: 16    God:
Gold:   227        SH:  0    Dex: 12    Spells: 14/18 levels left

rFire   x . .        g - +1 short sword
rCold   + . .        (no shield)
rNeg    + + +        a - +0 robe
rPois   ∞            j - +1 helmet
rElec   .            (no cloak)
rCorr   .            (no gloves)
SInv    .            (no boots)
Will    .....        (no amulet)
Stlth   ++           (no ring)
HPRegen 0.28/turn    (no ring)
MPRegen 0.15/turn

%: faith
@: about to teleport
A: cold resistance 1, negative energy resistance 3, torment resistance 2, heat
vulnerability 1, in touch with death 1, no potions, faith
a: no special abilities


You were on level 5 of the Dungeon.
You visited 1 branch of the dungeon, and saw 5 of its levels.

You collected 227 gold pieces.

Inventory:

Hand Weapons
 c - a +0 dagger
 g - a +1 short sword (weapon)
 l - a +0 sling
Missiles
 m - 3 poisoned darts (quivered)
Armour
 a - a +0 robe (worn)
 d - a +0 leather armour
 j - a +1 helmet (worn)
Jewellery
 q - a +6 ring of strength
Scrolls
 e - a scroll of enchant weapon
 f - a scroll of poison
 h - a scroll of revelation
 n - a scroll of identify
 o - a scroll of amnesia


   Skills:
 - Level 2.0 Fighting
 - Level 1.0 Short Blades
 - Level 2.0 Armour
 - Level 2.0 Dodging
 - Level 1.5 Stealth
 + Level 6.2 Spellcasting
 + Level 6.3 Necromancy


You had 14 spell levels left.
You knew the following spells:

 Your Spells              Type           Power      Damage    Failure   Level
a - Necrotise             Necr           100%       1d9       1%          1
b - Vampiric Draining     Necr           37%        2d8       3%          3

Your spell library contained the following spells:

 Spells                   Type           Power      Damage    Failure   Level
 Animate Dead             Necr           37%        N/A       10%         4
 Curse of Agony           Necr           37%        N/A       28%         5
 Gell's Gravitas          Tloc           5%         N/A       38%         3
 Teleport Other           Tloc           5%         N/A       38%         3
 Dispersal                Tloc           2%         N/A       100%        6


Dungeon Overview and Level Annotations

Branches:
Dungeon (5/15)
 Temple: D:4-7

Altars:
Ashenzari
Gozag
Kikubaaqudgha
Makhleb
Nemelex Xobeh
Wu Jian

Shops:
D:3 [(!::

Annotations:
D:4 ice beast, Dowan


Innate Abilities, Weirdness & Mutations

You are immune to poison.
Your flesh is cold resistant. (rC+)
You are immune to negative energy. (rN+++)
You are immune to unholy pain and torment.
You are vulnerable to heat. (rF-)
You are in touch with the powers of death.
You do not drink.
You have a special connection with the divine. (Faith)


Message History

The ufetubus misses you. The ufetubus closely misses you.
You hit the ufetubus but do no damage.
The ufetubus is heavily wounded.
The ufetubus closely misses you.
The ufetubus hits you but does no damage.
The ufetubus slips past you! The ufetubus misses you.
The ufetubus hits you but does no damage.
You hit the ufetubus but do no damage.
The ufetubus is heavily wounded.
The ufetubus hits you.
* * * LOW HITPOINT WARNING * * *
The ufetubus completely misses you. The ufetubus closely misses you.
The ufetubus hits you.
* * * LOW HITPOINT WARNING * * *
You hit the ufetubus but do no damage.
The ufetubus is heavily wounded.
The ufetubus hits you.
* * * LOW HITPOINT WARNING * * *
The ufetubus barely misses you.
You miss the ufetubus.
The ufetubus is heavily wounded.
The ufetubus hits you but does no damage.
The ufetubus hits you.
* * * LOW HITPOINT WARNING * * *
You hit the ufetubus.
The ufetubus is severely wounded.
The ufetubus hits you.
* * * LOW HITPOINT WARNING * * *
The ufetubus barely misses you. The ufetubus closely misses you.
The ufetubus hits you.
* * * LOW HITPOINT WARNING * * *
You can't drink.
Unknown command.
As you read the scroll of teleportation, it crumbles to dust.
You feel strangely unstable. The ufetubus barely misses you.
The ufetubus completely misses you. The ufetubus attacks as it pursues you!
The ufetubus hits you.
* * * LOW HITPOINT WARNING * * *
The ufetubus hits you.
You die...

..........###.#
..........#..†#######
..........#.##......##
..........#.#........##
######.##.#...........#
.# .##.............# .#
.###............# .#
##...........#
.#####.####.....@.....#
.#...#..........5....##
...........#..........#
.........>............#
......................#
...................!..#
....)......#..........#
.....##...###.?......##
.#.........###...$..##


You could see an ufetubus.

Vanquished Creatures
  Duvessa (D:4)
  An ogre (D:5)
  A scorpion (D:5)
  A hound (D:5)
  A jelly (D:5)
  An orc priest (D:4)
  A sleepcap (D:4)
  2 orc wizards (D:4)
  2 iguanas
  6 gnolls
  4 adders
  A white imp (D:5)
  An ufetubus (D:5)
  A worm (D:4)
  7 dart slugs
  3 orcs
  3 bats
  2 giant cockroaches
  7 goblins
  6 hobgoblins
  6 jackals
  A quokka (D:2)
  6 ball pythons
  5 frilled lizards
  5 kobolds
  2 rats
77 creatures vanquished.

Vanquished Creatures (collateral kills)
  A gnoll (D:5)
  A hobgoblin (D:3)
  A jackal (D:1)
  A quokka (D:1)
  A ball python (D:2)
5 creatures vanquished.

Grand Total: 82 creatures vanquished

Notes
Turn   | Place    | Note
-------+----------+-------------------------------------------
     0 | D:1      | Lobster4 the Mummy Necromancer began the quest for the Orb.
     0 | D:1      | Reached XP level 1. HP: 13/13 MP: 4/4
   235 | D:1      | Reached XP level 2. HP: 20/20 MP: 3/5
  1135 | D:1      | Reached skill level 1 in Fighting
  1135 | D:1      | Reached XP level 3. HP: 26/26 MP: 4/7
  1525 | D:2      | Learned a level 3 spell: Vampiric Draining
  1621 | D:2      | Reached skill level 1 in Armour
  2138 | D:3      | Found Rosesex's Book Shoppe.
  2226 | D:3      | Found Buurieg's Weapon Emporium.
  2268 | D:3      | Reached XP level 4. HP: 26/32 MP: 3/9
  2396 | D:3      | Found Ughuvis's Distillery.
  2472 | D:3      | Found Kalop's Book Shoppe.
  2670 | D:3      | Found Hoziabbu's Antique Armour Emporium.
  2746 | D:3      | Found an ancient bone altar of Kikubaaqudgha.
  2955 | D:4      | Reached skill level 1 in Short Blades
  2964 | D:4      | Reached XP level 5. HP: 34/38 MP: 0/10
  3273 | D:4      | Noticed Dowan
  3382 | D:4      | Found an ornate altar of the Wu Jian Council.
  3398 | D:4      | Noticed an ice beast
  3504 | D:4      | Found a broken altar of Ashenzari.
  3504 | D:4      | Found an opulent altar of Gozag.
  3505 | D:4      | Found a burning altar of Makhleb.
  3536 | D:4      | Noticed Duvessa
  3686 | D:4      | Killed Duvessa
  3687 | D:4      | Reached skill level 5 in Necromancy
  3687 | D:4      | Reached XP level 6. HP: 44/44 MP: 0/13
  3823 | D:4      | Reached skill level 5 in Spellcasting
  4071 | D:5      | Entered Level 5 of the Dungeon
  4314 | D:5      | Noticed an ice beast
  4553 | D:5      | Reached XP level 7. HP: 50/50 MP: 11/15
  4670 | D:5      | Found a sparkling altar of Nemelex Xobeh.
  4922 | D:5      | HP: 1/50 [ufetubus (4)]
  4922 | D:5      | Slain by an ufetubus

Illustrated notes

Levels and vault maps discovered:
D:1:      saegor_arrival_simple_b, layout_loops_corners
D:2:      layout_loops_cross
D:3:      layout_basic, kiku_gazebo_garden_becter, serial_shops, shop_fountains,
          nicolae_shop_tiny_statue_garden, nicolae_shop_crystal,
          nicolae_shop_statue_plus, shop
D:4:      layout_basic, nzn_overflow_gifts_of_might_and_magic,
          pdpol_wu_jian_five_deadly_venoms,
          chequers_temple_overflow_statue_of_worship,
          minmay_temple_entry_nine_rooms
D:5:      layout_rooms, nemelex_spade_bored_becter

Skill      XL: |  1  2  3  4  5  6  7 |
---------------+----------------------+-----
Spellcasting   | 3 4 5 6 |  6.2
Fighting       | 1 2 |  2.0
Dodging        | 2 |  2.0
Armour         | 1 2 |  2.0
Short Blades   | 1 |  1.0
Necromancy     | 5 6 |  6.3
Stealth        | |  1.5

Action                     |  1- 3 |  4- 6 |  7- 9 || total
---------------------------+-------+-------+-------++-------
  Melee: Dagger            |     9 |       |       ||     9
         Short sword       |     9 |    27 |    27 ||    63
  Throw: Dart              |       |     7 |     1 ||     8
   Cast: Necrotise         |    64 |    80 |    21 ||   165
         Vampiric Draining |       |     4 |     2 ||     6
    Use: Scroll            |     1 |    10 |     1 ||    12
   Stab: Distracted        |     1 |       |       ||     1
 Armour: Robe              |    15 |    48 |    54 ||   117
  Dodge: Dodged            |    21 |    27 |    67 ||   115

Table legend: (Time is in decaauts)
 A = Elapsed time spent in this place.
 B = Non-inter-level travel time spent in this place.
 C = Inter-level travel time spent in this place.
 D = Time resting spent in this place.
 E = Time spent auto-exploring this place.
 F = Levels seen in this place.
 G = Mean time per level.
                   A        B        C        D        E       F      G
               +--------+--------+--------+--------+--------+-----+--------+
         Total |   4921 |   4644 |    277 |    633 |   3044 |   5 |  984.2 |
       Dungeon |   4921 |   4644 |    277 |    633 |   3044 |   5 |  984.2 |
               +--------+--------+--------+--------+--------+-----+--------+

Top non-repeatable levels by time:
     D:4: 1282 daAuts
     D:1: 1199 daAuts
     D:2: 937 daAuts
     D:3: 899 daAuts
     D:5: 603 daAuts
